 Dungeon Crawl Stone Soup version 0.30-a0-793-g160f7cfddd (webtiles) character file.

Game seed: 9469339721748748751

360 cheesebisquit the Chopper (level 6, 0/56 HPs)
             Began as a Hill Orc Fighter on Feb 19, 2023.
             Slain by an ogre
             ... wielding a +0 giant club
              (10 damage)
             ... on level 3 of the Dungeon.
             The game lasted 00:08:11 (1922 turns).

cheesebisquit the Chopper (Hill Orc Fighter)        Turns: 1922, Time: 00:08:12

Health: 0/56       AC: 14    Str: 21    XL:     6   Next: 65%
Magic:  6/6        EV:  4    Int:  8    God:
Gold:   162        SH:  8    Dex: 10    Spells: 5/5 levels left

rFire   . . .      SeeInvis .    a - +0 war axe
rCold   . . .      Faith    .    h - +0 kite shield
rNeg    . . .      Spirit   .    e - +0 plate armour
rPois   .          Reflect  .    k - +0 helmet
rElec   .          Harm     .    (no cloak)
rCorr   .          Rampage  .    g - +0 pair of gloves
Will    .....                    (no boots) Stlth
                                 b - amulet of magic regeneration
HPRegen 0.29/turn                (no ring)
MPRegen 0.50/turn                (no ring)

@: no status effects
A: no striking features
a: no special abilities


You were on level 3 of the Dungeon.
You visited 1 branch of the dungeon, and saw 4 of its levels.

You collected 162 gold pieces.

Inventory:

Hand Weapons
 a - a +0 war axe (weapon)
Armour
 e - a +0 plate armour (worn)
 g - a +0 pair of gloves (worn)
 h - a +0 kite shield (worn)
 k - a +0 helmet (worn)
Jewellery
 b - an amulet of magic regeneration (around neck)
 q - an amulet of the acrobat
Scrolls
 c - a scroll of enchant weapon {unknown}
 f - a scroll of fog {unknown}
 i - a scroll of immolation {unknown}
 j - 4 scrolls of identify {unknown}
 l - 2 scrolls of fear {unknown}
 m - a scroll of torment {unknown}
 n - 2 scrolls of teleportation {unknown}
 o - a scroll of noise {unknown}
Potions
 d - 2 potions of might
 p - 3 potions of magic {unknown}
 r - a potion of mutation {unknown}
 s - a potion of ambrosia {unknown}
 t - 2 potions of curing {unknown}


   Skills:
 + Level 5.0 Fighting
 * Level 6.0 Axes
 + Level 4.6 Armour
 + Level 4.6 Shields


You had 5 spell levels left.
You didn't know any spells.
Your spell library contained the following spells:

 Spells                   Type           Power      Damage    Failure   Level
 Passage of Golubria      Tloc           0%         N/A       100%        4
 Silence                  Hex/Air        0%         N/A       100%        5
 Lehudib's Crystal Spear  Conj/Erth      0%         10d2      100%        8


Dungeon Overview and Level Annotations

Branches:
Dungeon (4/15)
 Temple: D:4-7

Altars:
Ashenzari
Zin


Message History

No target in view!
s - an emerald potion
t - 2 cyan potions Done exploring.
Search for what [Enter for "."]? .
There is a stone staircase leading down, spattered with blood here.
You climb downwards.
Found a metallic amethyst potion.
Found two stone staircases leading down.
There is a stone staircase leading up here.
A dart slug comes into view.
An ogre comes into view. It is wielding a +0 giant club.
Found a ring mail.
The ogre shouts!
You hear a shout!
A hobgoblin comes into view.
The hobgoblin shouts!
The dart slug launches a dart at you. The slug dart misses you.
A jelly comes into view.
The dart slug launches a dart at you. The slug dart hits you.
The dart slug launches a dart at you. You block the slug dart.
There is a stone staircase leading up here.
The ogre hits you with a +0 giant club!!
You climb upwards.
There is a stone staircase leading down, spattered with blood here.
You slash the ogre!
The ogre is moderately wounded.
You slash the ogre!
The ogre is severely wounded.
The ogre hits you with a +0 giant club!
You closely miss the ogre.
The ogre is severely wounded.
The ogre hits you with a +0 giant club!!
* * * LOW HITPOINT WARNING * * *
You closely miss the ogre.
The ogre is severely wounded.
The ogre hits you with a +0 giant club!
You die...

#......#### #.## ##...## #.
#.........##### #..###...## #.
#......##.....#####.##...## #.
#......######....##.....## #.
######.......###......#..### #.
#######........#####...##...####.
.....#..........# #.#.....<..##.
.....#..........####...###)......
#.†..#..........@O...### #.....#.
#....#.<..[.....###.## #.......
##.###..........##..# #.(.....
#..# ##........##..## #.....#.
...# ##........##.## ########
...# #..........#.# ## ...#
#............# ####. ...#
#...........############.... ..>#
#........)..###..........###


You could see an ogre.

Vanquished Creatures
  Sigmund (D:3)
  A necrophage (D:3)
  Jessica (D:2)
  Robin (D:2)
  3 gnolls (D:2)
  2 adders
  3 ball pythons
  4 endoplasms
  A giant cockroach (D:2)
  7 goblins
  6 hobgoblins
  4 jackals (D:1)
  4 quokkas
  5 bats
  8 frilled lizards
  3 kobolds
  6 rats
60 creatures vanquished.

Notes
Turn   | Place    | Note
-------+----------+-------------------------------------------
     0 | D:1      | cheesebisquit the Hill Orc Fighter began the quest for the
                  | Orb.
     0 | D:1      | Reached XP level 1. HP: 19/19 MP: 1/1
    47 | D:1      | Reached skill level 3 in Axes
    51 | D:1      | Reached XP level 2. HP: 27/27 MP: 2/2
   262 | D:1      | Reached XP level 3. HP: 33/33 MP: 3/3
   625 | D:2      | Noticed Jessica
   634 | D:2      | Killed Jessica
   635 | D:2      | Reached skill level 4 in Axes
   638 | D:2      | Reached XP level 4. HP: 37/40 MP: 4/4
   874 | D:2      | Found a glowing silver altar of Zin.
  1007 | D:2      | Noticed Robin
  1016 | D:2      | Killed Robin
  1017 | D:2      | Reached XP level 5. HP: 47/47 MP: 5/5
  1231 | D:3      | Noticed Sigmund
  1385 | D:3      | Killed Sigmund
  1386 | D:3      | Reached skill level 5 in Axes
  1386 | D:3      | Reached XP level 6. HP: 37/55 MP: 6/6
  1459 | D:3      | Found a broken altar of Ashenzari.
  1764 | D:3      | Reached skill level 5 in Fighting
  1764 | D:3      | Reached skill level 6 in Axes
  1922 | D:3      | Slain by an ogre

Illustrated notes

Levels and vault maps discovered:
D:1:      psy_arrival_fountain, layout_rooms, nrook_mini_vaults,
          minmay_lizard_pond
D:2:      layout_loops_ring, basic_altar, uniq_robin, uniq_jessica
D:3:      layout_rooms, old_standard_altar, minmay_tree_intersection,
          uniq_sigmund
D:4:      layout_rooms, uniq_crazy_yiuf_cottage

Skill      XL: |  1  2  3  4  5  6 |
---------------+-------------------+-----
Axes           | 3 4 5 6 |  6.0
Fighting       | 4 5 |  5.0
Shields        | 4 |  4.6
Armour         | 4 |  4.6

Action                     |  1- 3 |  4- 6 || total
---------------------------+-------+-------++-------
  Melee: War axe           |    63 |   100 ||   163
 Armour: Plate armour      |    64 |    77 ||   141
  Dodge: Dodged            |    13 |    19 ||    32
  Block: Buckler           |    13 |       ||    13
         Kite shield       |     9 |    36 ||    45

Table legend: (Time is in decaauts)
 A = Elapsed time spent in this place.
 B = Non-inter-level travel time spent in this place.
 C = Inter-level travel time spent in this place.
 D = Time resting spent in this place.
 E = Time spent auto-exploring this place.
 F = Levels seen in this place.
 G = Mean time per level.
                   A        B        C        D        E       F      G
               +--------+--------+--------+--------+--------+-----+--------+
         Total |   1993 |   1898 |     95 |    109 |   1269 |   4 |  498.2 |
       Dungeon |   1993 |   1898 |     95 |    109 |   1269 |   4 |  498.2 |
               +--------+--------+--------+--------+--------+-----+--------+

Top non-repeatable levels by time:
     D:2: 844 daAuts
     D:3: 568 daAuts
     D:1: 567 daAuts
     D:4: 11 daAuts
